Map: [ESL] Goldenaura

Players

Cyan

  • Race: Protoss Protoss
  • Spawn Location: 12:00

NightMare - Winner!

  • Race: Protoss Protoss
  • Spawn Location: 5:00

Event: ESL Spring 2024 Finals

VOD

Have the link to the VOD?

Description

Time

  • Played on: May 31, 2024, 7:39 p.m.
  • Length: 10:15

All games in this series

Show
View Real Time Build Order
Export as new Build Order

Cyan Protoss 

Build Orders:  

Get SALT Encoding   

  12  0:00  Probe  
  13  0:12  Probe  
  14  0:17  Pylon  
  14  0:24  Probe (Chrono Boost)  
  15  0:36  Probe (Chrono Boost)  
  15  0:38  Gateway  
  16  0:44  Probe (Chrono Boost)  
  16  0:47  Assimilator  
  17  0:51  Probe  
  17  0:54  Assimilator  
  18  1:03  Probe (Chrono Boost)  
  19  1:07  Gateway  
  19  1:12  Probe (Chrono Boost)  
  20  1:19  Probe  
  21  1:26  Cybernetics Core  
  21  1:32  Probe  
  22  1:35  Pylon  
  22  1:44  Probe  
  23  1:56  Probe  
  24  2:03  Stalker x2, Warp Gate (Chrono Boost)  
  28  2:11  Pylon  
  28  2:14  Probe  
  29  2:31  Probe  
  29  2:32  Sentry  
  29  2:34  Sentry  
  34  2:50  Nexus  
  34  2:57  Shield Battery  
  34  3:03  Robotics Facility  
  34  3:07  Probe  
  34  3:09  Shield Battery  
  35  3:18  Pylon  
  32  3:45  Stalker  
  32  3:46  Stalker  
  32  3:47  Warp Prism (Chrono Boost)  
  32  3:48  Probe  
  37  4:00  Twilight Council, Probe  
  37  4:02  Probe  
  39  4:10  Stalker  
  39  4:11  Stalker  
  39  4:13  Probe (Chrono Boost)  
  39  4:16  Observer, Probe (Chrono Boost)  
  47  4:24  Probe (Chrono Boost)  
  47  4:25  Probe (Chrono Boost)  
  47  4:29  Probe (Chrono Boost)  
  47  4:30  Probe (Chrono Boost)  
  49  4:34  Blink (Chrono Boost)  
  50  4:40  Probe  
  50  4:43  Adept  
  50  4:44  Adept  
  55  4:45  Probe  
  55  4:51  Pylon  
  55  4:52  Probe  
  57  4:59  Probe  
  58  5:04  Probe  
  59  5:09  Immortal  
  59  5:10  Pylon  
  59  5:13  Probe  
  64  5:21  Stalker x2  
  68  5:34  Nexus  
  68  5:36  Pylon  
  64  5:44  Stalker  
  64  5:45  Stalker  
  63  5:53  Immortal (Chrono Boost)  
  65  6:01  Probe  
  65  6:02  Probe  
  65  6:03  Pylon  
  65  6:09  Gateway x2  
  65  6:13  Probe, Pylon  
  66  6:18  Probe  
  66  6:22  Gateway  
  65  6:26  Stalker  
  63  6:38  Stalker  
  63  6:39  Probe x2  
  63  6:49  Warp Prism (Chrono Boost)  
  63  6:51  Stalker  
  67  6:55  Probe  
  67  6:59  Probe  
  67  7:00  Charge (Chrono Boost), Probe  
  70  7:02  Shield Battery  
  70  7:07  Probe  
  71  7:14  Probe  
  72  7:16  Stalker x2  
  72  7:18  Shield Battery, Probe  
  77  7:23  Probe  
  77  7:26  Probe  
  77  7:29  Gateway  
  79  7:30  Probe  
  79  7:32  Gateway  
  79  7:34  Gateway  
  79  7:37  Stalker x2  
  82  7:38  Probe  
  82  7:42  Stalker  
  82  7:44  Probe x2  
  89  7:45  Pylon  
  89  7:54  Zealot x2  
  89  7:58  Pylon  
  93  8:00  Probe  
  93  8:02  Zealot x2  
  98  8:09  Pylon  
  98  8:15  Zealot x3  
  98  8:18  Observer  
  98  8:19  Pylon  
  103  8:27  Zealot  
  103  8:28  Zealot x4  
  111  8:39  Warp Prism  
  97  8:44  Stalker x4  
  103  8:49  Zealot x4  
  111  9:07  Zealot x4  
  119  9:17  Nexus  
  119  9:18  Shield Battery  
  119  9:20  Zealot x4, Pylon  
  127  9:27  Zealot x3  
  133  9:44  Stalker x2  
  133  9:45  Stalker x2  
  139  9:46  Stalker x2  
  137  9:58  Zealot x2  
  127  10:03  Zealot x4  
Show
View Real Time Build Order
Export as new Build Order

NightMare Protoss - Winner!

Build Orders: Blink Stalkers 

Get SALT Encoding   

  12  0:00  Probe  
  13  0:12  Probe  
  14  0:17  Pylon  
  14  0:24  Probe  
  15  0:35  Gateway  
  15  0:37  Probe (Chrono Boost)  
  16  0:47  Assimilator  
  16  0:48  Probe (Chrono Boost)  
  17  0:52  Probe (Chrono Boost)  
  17  0:56  Assimilator  
  18  1:04  Probe (Chrono Boost)  
  19  1:09  Gateway  
  19  1:13  Probe (Chrono Boost)  
  20  1:19  Probe  
  21  1:26  Cybernetics Core  
  21  1:31  Probe  
  22  1:37  Pylon  
  22  1:43  Probe  
  23  1:55  Probe  
  24  2:02  Adept x2  
  24  2:03  Warp Gate  
  28  2:08  Pylon  
  28  2:27  Pylon  
  28  2:33  Stalker x2  
  31  2:59  Nexus  
  31  3:00  Probe (Chrono Boost)  
  32  3:06  Twilight Council  
  32  3:12  Probe (Chrono Boost)  
  33  3:18  Probe (Chrono Boost)  
  34  3:20  Sentry x2  
  34  3:26  Probe  
  39  3:35  Blink (Chrono Boost)  
  39  3:40  Probe  
  36  3:49  Gateway  
  36  3:52  Probe  
  37  4:00  Pylon  
  37  4:04  Probe  
  38  4:11  Robotics Facility, Probe  
  38  4:13  Stalker  
  38  4:16  Probe  
  42  4:21  Stalker  
  44  4:24  Probe  
  44  4:28  Probe  
  46  4:35  Shield Battery  
  46  4:36  Probe  
  47  4:41  Probe  
  48  4:46  Stalker  
  48  4:47  Stalker  
  48  4:48  Probe  
  53  4:53  Probe  
  53  4:54  Stalker  
  56  5:01  Probe  
  56  5:03  Observer  
  58  5:07  Pylon  
  58  5:08  Probe  
  58  5:10  Stalker  
  58  5:13  Probe  
  62  5:23  Nexus  
  62  5:29  Pylon  
  62  5:33  Immortal (Chrono Boost)  
  66  5:41  Probe x2  
  64  5:48  Stalker x2  
  68  5:51  Forge  
  68  5:56  Probe  
  68  5:57  Probe  
  68  5:59  Observer  
  68  6:02  Stalker  
  68  6:04  Assimilator  
  68  6:09  Probe x2  
  69  6:13  Stalker x2  
  69  6:16  Pylon  
  73  6:21  Probe x2  
  75  6:29  Immortal (Chrono Boost)  
  77  6:33  Probe  
  77  6:34  Probe  
  77  6:37  Stalker  
  79  6:42  Protoss Ground Weapons Level 1 (Chrono Boost)  
  79  6:44  Probe  
  79  6:45  Gateway x2, Probe  
  79  6:46  Probe  
  82  6:51  Shield Battery  
  82  6:55  Charge (Chrono Boost)  
  82  6:56  Gateway, Probe  
  83  7:05  Gateway, Probe x2  
  83  7:08  Probe  
  86  7:14  Zealot x3  
  92  7:17  Warp Prism (Chrono Boost), Pylon  
  93  7:24  Pylon  
  93  7:32  Gateway, Probe  
  93  7:36  Zealot x3  
  100  7:39  Zealot  
  100  7:42  Pylon  
  102  7:47  Zealot  
  102  7:50  Observer  
  105  7:53  Pylon  
  105  7:54  Zealot  
  105  7:56  Zealot x3  
  113  8:00  Zealot x2  
  113  8:04  Pylon  
  115  8:09  Zealot  
  115  8:12  Nexus  
  117  8:17  Zealot x3  
  117  8:19  Zealot  
  125  8:25  Zealot x2  
  123  8:28  Zealot  
  118  8:35  Probe x2  
  118  8:37  Zealot  
  120  8:41  Zealot  
  120  8:42  Zealot x3  
  120  8:44  Templar Archives  
  128  8:48  Observer  
  128  8:52  Pylon  
  128  8:53  Shield Battery, Pylon  
  128  8:54  Probe x2  
  128  8:55  Probe  
  131  9:07  Zealot x2, Observer  
  131  9:08  Zealot  
  131  9:09  Zealot  
  139  9:13  Pylon  
  139  9:15  Pylon  
  139  9:22  High Templar  
  139  9:23  High Templar x3  
  147  9:28  Archon  
  147  9:29  Archon  
  147  9:32  Zealot x4  
  155  9:40  Probe x2  
  149  9:47  Shield Battery  
  149  9:54  Zealot x4  
  149  9:59  Zealot x4  
Tags
 
Add a new tag
Caveats
  • Supply blocks, unpowered buildings, or Contaminate may cause inaccurate times.
  • Supply counts are checked every 10 seconds.